 Dungeon Sprint DCSS version 0.24-a0-312-g16217b4a02 (webtiles) character file.

Game seed: 12304333470618307261

15000000 Hercules1031 the Conqueror (level 27, -83/249 HPs)
             Began as a Demonspawn Warper on May 15, 2019.
             Was the Champion of Makhleb.
             Annihilated by a destroyer
             ... wielding a +9 great sword of slicing
              (189 damage)
             ... in the Dungeon (Sprint VIII: "Arena of Blood").
             The game lasted 00:08:46 (150 turns).

Hercules1031 the Conqueror (Demonspawn Warper)       Turns: 150, Time: 00:08:46

Health: -83/249    AC:  6    Str: 14    XL:     27
Magic:  53/54      EV: 39    Int: 16    God:    Makhleb [******]
Gold:   0          SH:  0    Dex: 22    Spells: 80/80 levels left

rFire    + . .     SeeInvis +   c - +∞ Axe of Woe
rCold    . . .     Gourm    .   (shield currently unavailable)
rNeg     . . .     Faith    .   b - +0 leather armour
rPois    .         Spirit   .   (no helmet)
rElec    .         Reflect  .   (no cloak)
rCorr    .         Harm     .   (no gloves)
MR       ++...     NoTele   +   (boots unavailable)
Stlth    +++++++++.             (no amulet)
HPRegen  9.51/turn              d - ring of see invisible
MPRegen  0.34/turn              (no ring)

@: lethally poisoned (-83 -> -83), slowed, drained, repel missiles, very slow
A: hooves 3, repulsion field 3, fire resistance 1, hurl damnation, foul stench
2, powered by death 3, rot immunity, flame cloud immunity
a: Hurl Damnation, Minor Destruction, Lesser Servant of Makhleb, Major
Destruction, Greater Servant of Makhleb, Renounce Religion


You were in the Dungeon.
You worshipped Makhleb.
Makhleb was exalted by your worship.
You were not hungry.

You visited 1 branch

Inventory:

Hand Weapons
 a - a +0 hand axe
 c - the +∞ Axe of Woe (weapon)
   (You found it in the Dungeon)
Missiles
 e - 5 boomerangs of dispersal (quivered)
Armour
 b - a +0 leather armour (worn)
Jewellery
 d - a ring of see invisible (left hand)
Potions
 j - 2 potions of magic
 k - a potion of berserk rage
Comestibles
 f - a ration


   Skills:
 O Level 27(25.9) Fighting
 O Level 27(25.9) Axes
 O Level 27(25.9) Throwing
 O Level 27(25.9) Armour
 O Level 27(25.9) Dodging
 O Level 27(25.9) Stealth
 O Level 27(25.9) Unarmed Combat
 O Level 27(25.9) Spellcasting
   Level 2.6(2.0) Translocations
 O Level 27(25.9) Invocations


You had 80 spell levels left.
You didn't know any spells.
Your spell library contained the following spells:

 Spells                   Type           Power        Failure   Level  Hunger
 Blink                    Tloc           N/A          1%          2    None
 Shroud of Golubria       Chrm/Tloc      ###.......   1%          2    None
 Gell's Gravitas          Tloc           ####......   2%          3    None
 Lesser Beckoning         Tloc           ####......   2%          3    None
 Teleport Other           Tloc           ####....     2%          3    None
 Passage of Golubria      Tloc           N/A          9%          4    None


Dungeon Overview and Level Annotations

Branches:
Dungeon (1/1)

Altars:
Makhleb


Innate Abilities, Weirdness & Mutations

You have hooves in place of feet.
You are surrounded by a strong repulsion field. (EV +4, RMsl)
Your flesh is heat resistant. (rF+)
You can hurl damnation.
You frequently emit foul miasma when damaged in melee.
You regenerate a lot of health from kills.
You are immune to rotting.
You are immune to clouds of flame.


Message History

You hear a shout!
The eight-headed meat hydra calls on the powers of darkness!
The eight-headed meat hydra convulses!
The bag of meat convulses!
The fleshlord convulses!
A fleshlord comes into view. It is wielding a +9 great mace.
The fleshlord shouts!
The observer convulses!
The observer turns its gaze towards you.
The scourge convulses!
The bag of meat convulses! x2
Your body is wracked with pain!
You hear a shout! x4
You feel sick.
You hear a shout! x9
The wretched soul breathes negative energy at you.
The bolt of negative energy hits you!!
You feel drained.
The bolt of negative energy hits the destroyer.
The destroyer completely resists.
The destroyer hits you with a +9 great sword of slicing!!!!!
Ouch! That really hurt!
You die...

. #.....O.#.
.pD.....G....#.......#.
...D§#.%%%.....%.......§
....#.#.#%..............
....o#.#.....%.....))...
#...#S#.#.........)....#
#..o#o#..W.†#.....)..#.
#%.....))))).........#.
#.V@§°))##)#%.......
##%§§)))...)).).)...
#..§..§####...)#X)%).##
####.......%...%))))...
####.........)))....
####...%....)....
##############


You could see an eight-headed meat hydra, a destroyer, a scourge, a fleshlord, a
wretched soul (invisible) and 3 bags of meat.

Vanquished Creatures
  5 hell knights (D)
  5 hell beasts (D)
  5 greater mummies (D)
  7 great orbs of eyes (D)
  6 wraiths (D)
  Harold (D)
  12 vampire knights (D)
  36 ogres (D)
  8 two-headed ogres (D)
  6 liches (D)
  4 hydras (D)
  53 orcs (D)
  4 phantoms (D)
  6 skeletal warriors (D)
  3 sea snakes (D)
  6 large abominations (D)
  5 small abominations (D)
  14 crawling corpses (D)
186 creatures vanquished.

Vanquished Creatures (collateral kills)
  A hydra (D)
  An orc (D)
2 creatures vanquished.

Vanquished Creatures (others)
  An ogre (D)
  A hydra (D)
  An orc (D)
  2 crawling corpses (D)
5 creatures vanquished.

Grand Total: 193 creatures vanquished

Notes
Turn   | Place    | Note
-------+----------+-------------------------------------------
     0 | D        | Found the +∞ Axe of Woe
     0 | D        | Hercules1031 the Demonspawn Warper began the quest for the
                  | Orb.
     0 | D        | Reached XP level 1. HP: 16/16 MP: 3/3
     1 | D        | Noticed a bag of meat
     2 | D        | Noticed a bag of meat
     3 | D        | Noticed a bag of meat
     5 | D        | Noticed a bag of meat
     6 | D        | Became a worshipper of Makhleb the Destroyer
     6 | D        | Noticed a meat berserker
     7 | D        | Noticed a meat berserker
     8 | D        | Killed a bag of meat
     8 | D        | Gained mutation: You regenerate a little health from kills.
                  | [demonic ancestry]
     8 | D        | Reached XP level 2. HP: 43/43 MP: 5/5
     8 | D        | Gained mutation: You are surrounded by a mild repulsion
                  | field. (EV +2) [demonic ancestry]
     8 | D        | Reached XP level 3. HP: 49/49 MP: 6/6
     8 | D        | Gained mutation: You are immune to rotting. [demonic
                  | ancestry]
     8 | D        | Reached XP level 4. HP: 56/56 MP: 7/7
     8 | D        | Gained mutation: You are surrounded by a moderate repulsion
                  | field. (EV +3) [demonic ancestry]
     8 | D        | Reached XP level 5. HP: 62/62 MP: 8/8
     8 | D        | Reached XP level 6. HP: 69/69 MP: 9/9
     8 | D        | Gained mutation: You have large cloven feet. [demonic
                  | ancestry]
     8 | D        | Reached XP level 7. HP: 75/75 MP: 10/10
     8 | D        | Reached XP level 8. HP: 82/82 MP: 11/11
     8 | D        | Gained mutation: You may emit foul miasma when damaged in
                  | melee. [demonic ancestry]
     8 | D        | Reached XP level 9. HP: 88/88 MP: 12/12
     8 | D        | Gained mutation: You frequently emit foul miasma when
                  | damaged in melee. [demonic ancestry]
     8 | D        | Reached XP level 10. HP: 95/95 MP: 13/13
     8 | D        | Gained mutation: You are surrounded by a strong repulsion
                  | field. (EV +4, RMsl) [demonic ancestry]
     8 | D        | Reached XP level 11. HP: 101/101 MP: 14/14
     8 | D        | Noticed a bag of meat
     9 | D        | Killed a bag of meat
     9 | D        | Reached * piety under Makhleb
     9 | D        | Reached skill level 15 in Axes
     9 | D        | Reached skill level 15 in Armour
     9 | D        | Reached skill level 15 in Dodging
     9 | D        | Reached XP level 12. HP: 113/113 MP: 15/15
     9 | D        | Noticed a meat berserker
    10 | D        | Killed a bag of meat
    10 | D        | Reached XP level 13. HP: 122/122 MP: 16/16
    10 | D        | Killed a meat berserker
    10 | D        | Gained mutation: You have hoof-like feet. [demonic
                  | ancestry]
    10 | D        | Reached XP level 14. HP: 136/136 MP: 17/17
    10 | D        | Noticed a bag of meat
    11 | D        | Killed a meat berserker
    11 | D        | Reached ** piety under Makhleb
    11 | D        | Reached XP level 15. HP: 115/146 MP: 18/18
    12 | D        | Killed a meat berserker
    12 | D        | Gained mutation: Your flesh is heat resistant. (rF+)
                  | [demonic ancestry]
    12 | D        | Reached XP level 16. HP: 127/159 MP: 19/19
    13 | D        | Noticed a large bag of meat
    14 | D        | Reached *** piety under Makhleb
    14 | D        | Gained mutation: You are immune to clouds of flame.
                  | [demonic ancestry]
    14 | D        | Reached XP level 17. HP: 102/169 MP: 20/20
    14 | D        | Noticed a meat berserker
    14 | D        | Noticed a meat berserker
    15 | D        | Noticed a meat berserker
    16 | D        | Killed a meat berserker
    16 | D        | Reached **** piety under Makhleb
    16 | D        | Reached skill level 27 in Fighting
    17 | D        | Noticed a meat berserker
    17 | D        | Noticed a meat berserker
    18 | D        | Reached XP level 18. HP: 182/182 MP: 21/21
    18 | D        | Reached skill level 27 in Axes
    18 | D        | Reached skill level 27 in Armour
    18 | D        | Reached skill level 27 in Dodging
    19 | D        | Reached ***** piety under Makhleb
    20 | D        | Noticed a large bag of meat
    20 | D        | Killed a large bag of meat
    20 | D        | Reached XP level 19. HP: 189/189 MP: 21/45
    20 | D        | Reached skill level 10 in Throwing
    20 | D        | Killed a meat berserker
    20 | D        | Reached skill level 15 in Throwing
    20 | D        | Reached skill level 27 in Spellcasting
    21 | D        | Reached XP level 20. HP: 197/197 MP: 21/51
    21 | D        | Noticed a large bag of meat
    25 | D        | Noticed a meat berserker
    27 | D        | Noticed an eight-headed meat hydra
    27 | D        | Noticed a destroyer
    28 | D        | Killed a large bag of meat
    28 | D        | Reached skill level 27 in Throwing
    28 | D        | Killed a meat berserker
    28 | D        | Noticed a meat berserker
    29 | D        | Noticed a meat berserker
    29 | D        | Reached ****** piety under Makhleb
    29 | D        | Reached skill level 15 in Stealth
    29 | D        | Reached XP level 21. HP: 204/204 MP: 23/52
    30 | D        | Reached skill level 15 in Unarmed Combat
    31 | D        | Noticed a large bag of meat
    32 | D        | Reached skill level 27 in Invocations
    32 | D        | Gained mutation: You have hooves in place of feet. [demonic
                  | ancestry]
    32 | D        | Reached XP level 22. HP: 212/212 MP: 24/53
    33 | D        | Reached skill level 27 in Stealth
    33 | D        | Killed a large bag of meat
    33 | D        | Reached skill level 27 in Unarmed Combat
    39 | D        | Killed a destroyer
    39 | D        | Reached XP level 23. HP: 101/219 MP: 26/54
    41 | D        | Noticed a destroyer
    42 | D        | Noticed a destroyer
    43 | D        | Killed a destroyer
    43 | D        | Killed a destroyer
    43 | D        | Gained mutation: You regenerate health from kills. [demonic
                  | ancestry]
    43 | D        | Reached XP level 24. HP: 227/227 MP: 27/54
    45 | D        | Killed a large bag of meat
    46 | D        | Noticed an accursed
    47 | D        | Noticed The Servant
    49 | D        | Reached XP level 25. HP: 234/234 MP: 28/54
    50 | D        | Noticed an accursed
    51 | D        | Killed an accursed
    53 | D        | Noticed a tyrant
    54 | D        | Killed The Servant
    54 | D        | Gained mutation: You can hurl damnation. [demonic ancestry]
    54 | D        | Reached XP level 26. HP: 90/242 MP: 30/54
    54 | D        | Noticed a destroyer
    55 | D        | Noticed a tyrant
    56 | D        | Killed a tyrant
    56 | D        | Noticed a tyrant
    58 | D        | Gained mutation: You regenerate a lot of health from kills.
                  | [demonic ancestry]
    58 | D        | Reached XP level 27. HP: 249/249 MP: 31/54
    61 | D        | Noticed a dread
    61 | D        | Killed a destroyer
    63 | D        | Killed a dread
    64 | D        | Killed an accursed
    65 | D        | Noticed a dread
    66 | D        | Killed a tyrant
    67 | D        | Killed a tyrant
    69 | D        | HP: 6/249 [dread/damnation (31)]
    69 | D        | Noticed a meat beast
    72 | D        | Noticed a dread
    73 | D        | Killed a meat beast
    74 | D        | Noticed a destroyer
    75 | D        | Noticed a large bag of meat
    79 | D        | Killed a dread
    80 | D        | Noticed a large bag of meat
    84 | D        | Killed a destroyer
    85 | D        | Noticed a destroyer
    88 | D        | Noticed a meat beast
    90 | D        | Killed a dread
    93 | D        | Noticed an accursed
    93 | D        | Killed an accursed
    93 | D        | Killed a large bag of meat
    94 | D        | Noticed a large bag of meat
    98 | D        | Noticed a dread
    99 | D        | Killed a meat beast
    99 | D        | Killed a large bag of meat
   100 | D        | Noticed a destroyer
   103 | D        | Killed a destroyer
   105 | D        | Killed a destroyer
   108 | D        | Noticed an accursed
   108 | D        | Noticed a tyrant
   109 | D        | Killed a large bag of meat
   110 | D        | Noticed a destroyer
   112 | D        | Noticed a tyrant
   112 | D        | Noticed a tyrant
   116 | D        | Noticed a destroyer
   117 | D        | Noticed a dread
   117 | D        | Killed a dread
   117 | D        | Noticed a fleshlord
   119 | D        | Killed a tyrant
   119 | D        | Killed a dread
   120 | D        | Noticed a meat beast
   120 | D        | Noticed a fleshlord
   123 | D        | Killed a fleshlord
   123 | D        | Killed a destroyer
   124 | D        | Killed a destroyer
   126 | D        | Killed a meat beast
   128 | D        | Killed a tyrant
   128 | D        | Noticed a fleshlord
   130 | D        | Noticed an accursed
   130 | D        | Noticed a dread
   131 | D        | Noticed a fleshlord
   132 | D        | Killed a fleshlord
   132 | D        | Killed an accursed
   134 | D        | Killed a tyrant
   135 | D        | Killed a fleshlord
   138 | D        | Noticed a fleshlord
   138 | D        | Noticed a large bag of meat
   138 | D        | Noticed a meat beast
   139 | D        | Noticed a destroyer
   139 | D        | Killed a fleshlord
   140 | D        | Killed a destroyer
   141 | D        | Killed a dread
   141 | D        | Noticed a destroyer
   142 | D        | Killed a meat beast
   143 | D        | Killed a fleshlord
   145 | D        | Noticed a destroyer
   146 | D        | Killed a large bag of meat
   146 | D        | Killed a destroyer
   147 | D        | Noticed a destroyer
   147 | D        | Noticed a meat beast
   148 | D        | Killed an accursed
   148 | D        | Killed a meat beast
   149 | D        | Killed a destroyer
   149 | D        | Noticed a fleshlord
   150 | D        | Annihilated by a destroyer

Levels and vault maps discovered:
D:        meatsprint

Skill      XL: |  1  2  3  4  5  6  7  8  9 10 11 12 13 14 15 16 17 18 19 20 21 22 |
---------------+-------------------------------------------------------------------+-----
Fighting       | 14 16 18 20 22 24 25 27 | 27.0
Axes           | 13 15 16 18 20 22 23 26 27 | 27.0
Armour         | 13 15 16 18 20 22 23 26 27 | 27.0
Dodging        | 13 15 16 18 20 22 23 26 27 | 27.0
Throwing       | 9 21 27 | 27.0
Spellcasting   | 22 27 | 27.0
Stealth        | 15 23 27 | 27.0
Unarmed Combat | 14 21 27 | 27.0
Invocations    | 19 27 | 27.0
Translocations | |  2.6

Action                   |  1- 3 |  4- 6 |  7- 9 | 10-12 | 13-15 | 16-18 | 19-21 | 22-24 | 25-27 || total
-------------------------+-------+-------+-------+-------+-------+-------+-------+-------+-------++-------
Melee: Executioner's axe |     1 |       |       |     2 |     2 |     5 |     7 |    12 |    72 ||   101
Invok: Greater Servant o |       |       |       |       |       |       |       |     1 |     7 ||     8
  Use: Scroll            |       |       |       |       |       |     1 |     1 |       |       ||     2
       Potion            |       |       |       |       |       |       |       |       |     3 ||     3
 Stab: Distracted        |       |       |       |       |       |       |       |     1 |     1 ||     2
Armor: Leather armour    |       |       |       |       |       |       |       |       |     3 ||     3
Dodge: Dodged            |       |       |       |     1 |       |       |     1 |     1 |    13 ||    16

Table legend:
 A = Non-vault XP
 B = Vault XP
 C = Vault XP percentage of total XP
 D = Non-vault monster count
 E = Vault monster count
 F = Vault count percentage of total count
                 A         B        C        D         E       F
            +---------+---------+-------+---------+---------+-------
      Total | 4519866 |  890214 |  16.5 |     113 |      61 |  35.1
            +---------+---------+-------+---------+---------+-------
          D | 4519866 |  890214 |  16.5 |     113 |      61 |  35.1
            +---------+---------+-------+---------+---------+-------
